 Dungeon Crawl Stone Soup version 0.22.1-2-g9c5b331 (webtiles) character file.

69435 HoaS the Brawler (level 15, 121/148 HPs)
             Began as a Gargoyle Berserker on Dec 28, 2018.
             Was a High Priest of Trog.
             Quit the game on level 1 of the Orcish Mines.
             The game lasted 01:10:33 (23468 turns).

HoaS the Brawler (Gargoyle Berserker)              Turns: 23468, Time: 01:10:33

Health: 121/148    AC: 33    Str: 32    XL:     15   Next: 29%
Magic:  15/15      EV: 14    Int:  7    God:    Trog [*****.]
Gold:   1866       SH:  0    Dex: 14    Spells: 14/14 levels left

rFire    + . .     SeeInvis .     - Unarmed
rCold    + . .     Gourm    .   (no shield)
rNeg     + . .     Faith    .   p - +4 plate armour
rPois    ∞         Spirit   .   A - +1 hat {MR+}
rElec    +         Reflect  .   s - scarf {rC+ rF+}
rCorr    +         Harm     .   n - +0 pair of gloves
MR       ++...     Rnd*Rage +   (no boots)
Stlth    ..........             (no amulet)
HPRegen  0.34/turn              I - ring of resist corrosion
MPRegen  0.14/turn              w - +4 ring of strength

@: berserking, flying, very quick
A: big wings, berserk 1, blurry vision 1, negative energy resistance 1,
electricity resistance, unbreathing, petrification resistance, rot immunity, AC
+11
a: Stop Flying, Berserk, Trog's Hand, Brothers in Arms, Renounce Religion


You were on level 1 of the Orcish Mines.
You worshipped Trog.
Trog was extremely pleased with you.
You were not hungry.

You visited 3 branches of the dungeon, and saw 20 of its levels.

You collected 2183 gold pieces.
You spent 317 gold pieces at shops.

Inventory:

Armour
 n - a +0 pair of gloves (worn)
 p - a +4 plate armour (worn)
 s - a scarf of resistance (worn)
 A - a +1 hat of magic resistance (worn)
Jewellery
 g - an uncursed ring of protection from cold
 w - a +4 ring of strength (right hand)
 H - an uncursed ring of protection from cold
 I - a ring of resist corrosion (left hand)
Wands
 m - a wand of clouds (4)
 q - a wand of digging (11)
 r - a wand of iceblast (8)
 t - a wand of paralysis (21)
 v - a wand of disintegration (8)
 F - a wand of acid (7)
 J - a wand of flame (20)
Scrolls
 f - 14 scrolls of teleportation
 y - 3 scrolls of magic mapping
 C - 3 scrolls of remove curse
 E - a scroll of fog
 G - 3 scrolls of blinking
Potions
 a - 3 potions of brilliance {unknown}
 c - 3 potions of agility {unknown}
 d - 6 potions of curing
 e - 8 potions of flight
 h - 5 potions of lignification {unknown}
 i - 8 potions of heal wounds
 j - 3 potions of degeneration {unknown}
 k - 7 potions of might
 l - 2 potions of resistance {unknown}
 u - a potion of haste {unknown}
 x - 3 potions of magic {unknown}
 z - 2 potions of experience {unknown}
 B - 4 potions of mutation {unknown}
 D - a potion of cancellation {unknown}
Comestibles
 b - 41 rations
 o - 3 chunks of flesh


   Skills:
 + Level 13.2 Fighting
 + Level 13.1 Armour
 + Level 10.3 Dodging
 * Level 16.4 Unarmed Combat


You had 14 spell levels left.
You didn't know any spells.
Your spell library was empty.

Dungeon Overview and Level Annotations

Branches:
Dungeon (12/15)            Temple (0/1) D:4            Lair (6/6) D:8
 Shoals (0/4) Lair:3       Spider (0/4) Lair:3        Slime (0/5) Lair:5
    Orc (2/2) D:12            Elf (0/3) Orc:2

Altars:
Cheibriados
Dithmenos
Elyvilon
Fedhas
Hepliaklqana
Kikubaaqudgha
Sif Muna
Trog
Uskayaw
Vehumet
Wu Jian
Xom
Yredelemnul
Zin
Jiyva

Shops:
D:5 :   D:8 *   D:10 =%}?   Orc:2 !%

Annotations:
Lair:5 1 runed door


Innate Abilities, Weirdness & Mutations

You are resistant to torment.
Your stone body is resilient. (AC +11)
You are immune to poison.
Your large and strong wings let you fly indefinitely.
You resist negative energy. (rN+)
You are resistant to electric shocks. (rElec)
You can survive without breathing.
You are immune to petrification.
You are immune to rotting.
You tend to lose your temper in combat.
Scrolls take you a little longer to read.


Message History

You hit the soul eater but do no damage.
Your punch misses the soul eater.
The soul eater is moderately wounded.
The soul eater hits you but does no damage.
You punch the soul eater!
The soul eater is heavily wounded.
You punch the soul eater!
The soul eater is heavily wounded.
The soul eater misses you.
You hit the soul eater.
The soul eater is severely wounded.
You closely miss the soul eater.
The soul eater is severely wounded.
The soul eater hits you.
You barely miss the soul eater.
The soul eater is heavily wounded.
You pummel the soul eater!!
You kill the soul eater!
Unknown command.
Are you sure you want to abandon this character and quit the game? (Confirm

##...^.### #........#
##.......### # ##........#.## #
###............# #
##..............### ####
##.................##
.#.#########..^>...............##
...#...........>@....#..........#
.....######....[...##.#..........
...#.## ##.#.....#............#
#.....# ####....#..#........##
#....## #................##
.#.### ##..............## ####
##.#..........## #
##.###........##
##..............#


There were no monsters in sight!

Vanquished Creatures
  Rupert (Lair:4)
  Gastronok (Lair:3)
  Nessos (Lair:5)
  Josephine (Lair:4)
  An ettin (Orc:1)
  4 hydras
  A merfolk avatar (Lair:6)
  The ghost of diana the Unseen, a journeyman SpEn of Okawaru (Lair:2)
  3 two-headed ogres
  5 death yaks (Lair:5)
  Urug (Lair:4)
  A soul eater (Orc:1)
  A sun demon (Orc:2)
  A sixfirhy (Orc:2)
  Pikel (D:8)
  6 orc knights
  A harpy (Lair:5)
  A wolf spider (Lair:3)
  5 manticores
  A cyclops (D:7)
  3 orc sorcerers (Orc:1)
  An oklob plant (Lair:6)
  2 ugly things
  A rust devil (Orc:2)
  12 elephants
  A merfolk siren (Lair:3)
  6 black mambas
  10 spiny frogs
  2 gargoyles
  A torpor snail (Lair:2)
  2 rime drakes (Lair:5)
  7 komodo dragons
  An efreet (D:12)
  A hellwing (Orc:2)
  2 merfolk (Lair:3)
  A jumping spider (Lair:3)
  4 trolls
  A meliai (Lair:5)
  A red devil (Orc:2)
  11 polar bears
  A queen bee (Lair:5)
  5 blink frogs (Lair:3)
  A meliai zombie (D:10)
  5 hippogriffs
  A vampire (D:11)
  A redback (Lair:3)
  3 wraiths (Lair:4)
  5 wyverns
  A basilisk (D:12)
  A human (D:9)
  26 yaks
  A shadow (D:12)
  Eustachio (D:6)
  A neqoxec (Orc:2)
  A hungry ghost (D:11)
  3 hogs (D:9)
  7 wargs
  2 soldier ants
  6 porcupines
  12 water moccasins
  Duvessa (D:7)
  26 orc warriors
  2 phantoms
  12 ice beasts
  2 necrophages
  5 sky beasts
  10 ogres
  2 black bears
  A wolf (D:11)
  9 centaurs
  15 crocodiles
  8 bullfrogs
  Dowan (D:7)
  7 scorpions
  37 killer bees
  12 wights
  3 howler monkeys
  An electric eel (D:11)
  A wyvern simulacrum (D:11)
  6 crimson imps
  A bullfrog zombie (D:12)
  A lava snake (Orc:1)
  2 centaur zombies
  9 hounds
  A jelly (D:12)
  22 orc priests
  Crazy Yiuf (D:5)
  2 bullfrog skeletons
  8 centaur skeletons
  2 iguanas
  Jessica (D:3)
  Terence (D:3)
  11 orc wizards
  13 worker ants
  A statue (D:4)
  3 bullfrog simulacra (D:11)
  A hound zombie (D:6)
  11 gnolls
  A howler monkey skeleton (D:5)
  14 adders
  A shadow imp (D:9)
  6 white imps (D:11)
  A worker ant simulacrum (D:11)
  2 ufetubi
  An ooze (D:2)
  2 adder skeletons
  An adder zombie (D:9)
  2 worms
  A dart slug (D:3)
  6 leopard geckos
  94 orcs
  5 ball pythons
  5 giant cockroaches
  7 goblins
  10 hobgoblins
  7 jackals
  10 kobolds
  6 quokkas
  10 bats
  4 frilled lizards
  A giant cockroach zombie (D:5)
  3 leopard gecko skeletons
  A leopard gecko zombie (D:5)
  2 quokka skeletons
  A quokka zombie (D:8)
  8 rats
656 creatures vanquished.

Vanquished Creatures (collateral kills)
  2 meliai (Lair:5)
  14 killer bees (Lair:5)
16 creatures vanquished.

Vanquished Creatures (others)
  A howler monkey (D:12)
  An orc (D:11)
  8 bushes (Lair:6)
  2 fungi
  6 plants
18 creatures vanquished.

Grand Total: 690 creatures vanquished

Notes
Turn   | Place    | Note
-------+----------+-------------------------------------------
     0 | D:1      | HoaS the Gargoyle Berserker began the quest for the Orb.
     0 | D:1      | Reached XP level 1. HP: 14/14 MP: 1/1
   377 | D:1      | Reached XP level 2. HP: 19/19 MP: 2/2
  1238 | D:2      | Reached XP level 3. HP: 23/23 MP: 3/3
  1246 | D:2      | Reached ** piety under Trog
  1476 | D:2      | Found a faded altar of an unknown god.
  1555 | D:2      | Found an ornate altar of the Wu Jian Council.
  1636 | D:2      | Reached XP level 4. HP: 26/29 MP: 4/4
  2003 | D:3      | Reached skill level 4 in Unarmed Combat
  2209 | D:3      | Noticed Jessica
  2216 | D:3      | Killed Jessica
  2299 | D:3      | Reached XP level 5. HP: 9/33 MP: 5/5
  2613 | D:3      | Noticed Terence
  2624 | D:3      | Killed Terence
  2892 | D:4      | Reached XP level 6. HP: 27/39 MP: 6/6
  2990 | D:4      | Found a radiant altar of Vehumet.
  3001 | D:4      | Reached *** piety under Trog
  3110 | D:4      | Reached skill level 5 in Unarmed Combat
  3357 | D:4      | Found a blossoming altar of Fedhas.
  3409 | D:4      | Reached XP level 7. HP: 43/44 MP: 7/7
  3494 | D:4      | Found a staircase to the Ecumenical Temple.
  3725 | D:4      | Found a deep blue altar of Sif Muna.
  3771 | D:5      | Entered Level 5 of the Dungeon
  3899 | D:5      | Reached skill level 5 in Fighting
  4192 | D:5      | Reached skill level 6 in Unarmed Combat
  4357 | D:5      | Reached XP level 8. HP: 36/49 MP: 8/8
  4432 | D:5      | Reached skill level 5 in Armour
  4437 | D:5      | Found an ancient bone altar of Kikubaaqudgha.
  4493 | D:5      | Found a runed door.
  4547 | D:5      | Found Wossegusu's Book Shoppe.
  4818 | D:5      | Noticed Crazy Yiuf
  4828 | D:5      | Killed Crazy Yiuf
  4926 | D:6      | Noticed Eustachio
  4982 | D:6      | Killed Eustachio
  4982 | D:6      | Reached skill level 7 in Unarmed Combat
  5072 | D:6      | Reached **** piety under Trog
  5141 | D:6      | Got a warped ring mail
  5142 | D:6      | Identified the +1 ring mail "Dacsuix" {MP+9} (You found it
                  | on level 6 of the Dungeon)
  5544 | D:6      | You fall through a shaft for 3 floors!
  5544 | D:9      | Noticed a yak
  5550 | D:9      | Reached XP level 9. HP: 56/56 MP: 9/9
  5554 | D:9      | Reached skill level 8 in Unarmed Combat
  5638 | D:9      | Noticed a troll
  5643 | D:9      | Killed a troll
  5825 | D:9      | Reached skill level 5 in Dodging
  5964 | D:8      | Found a staircase to the Lair.
  5987 | D:7      | Noticed Duvessa
  5987 | D:7      | Noticed Dowan
  6004 | D:7      | Killed Duvessa
  6004 | D:7      | Reached skill level 9 in Unarmed Combat
  6009 | D:7      | Killed Dowan
  6541 | D:7      | Found a white marble altar of Elyvilon.
  6543 | D:7      | Found a snail-covered altar of Cheibriados.
  6544 | D:7      | Found a shadowy altar of Dithmenos.
  6608 | D:7      | Reached XP level 10. HP: 63/63 MP: 10/10
  6733 | D:7      | Noticed a cyclops
  6756 | D:7      | Killed a cyclops
  7158 | D:7      | Found a bloodstained altar of Trog.
  7161 | D:7      | Found a hide-covered altar of Uskayaw.
  7167 | D:7      | Found a glowing silver altar of Zin.
  7207 | D:8      | Found Qadem's Assorted Antiques.
  7222 | D:8      | Bought a potion of curing for 60 gold pieces
  7602 | D:8      | Noticed Pikel
  8083 | D:8      | Reached skill level 10 in Unarmed Combat
  8226 | D:8      | Killed Pikel
  8356 | D:9      | Noticed a two-headed ogre
  8360 | D:9      | Killed a two-headed ogre
  8387 | D:9      | Got a spiked ring mail
  8388 | D:9      | Identified the +0 ring mail "Vitosil" {rElec rC- Str+5
                  | Dex+2} (You found it on level 9 of the Dungeon)
  8745 | D:9      | Found a basalt altar of Yredelemnul.
  8747 | D:9      | Found a shimmering altar of Xom.
  8835 | D:10     | Entered Level 10 of the Dungeon
  8891 | D:10     | Found Poetrih's Food Shoppe.
  8918 | D:10     | Found Jaudgh's Jewellery Shoppe.
  9025 | D:10     | Reached XP level 11. HP: 59/69 MP: 11/11
  9068 | D:10     | Found Ciseozut's Gadget Shop.
  9080 | D:10     | Reached ***** piety under Trog
  9124 | D:10     | Reached skill level 11 in Unarmed Combat
  9634 | D:10     | Found Hyejas's Magic Scroll Shop.
  9637 | D:10     | Bought a scroll of teleportation for 42 gold pieces
  9637 | D:10     | Bought a scroll of enchant armour for 105 gold pieces
  9768 | D:11     | Noticed a two-headed ogre
  9845 | D:10     | Killed a two-headed ogre
 10764 | D:11     | Reached skill level 12 in Unarmed Combat
 10951 | D:11     | Noticed a seven-headed hydra
 10971 | D:10     | Killed a seven-headed hydra
 10971 | D:10     | Reached skill level 10 in Fighting
 10971 | D:10     | Reached XP level 12. HP: 77/77 MP: 12/12
 11115 | D:11     | Reached ****** piety under Trog
 11291 | D:11     | Received a gift from Trog
 11453 | D:11     | You fall through a shaft!
 11861 | D:12     | Found a staircase to the Orcish Mines.
 11897 | D:12     | Noticed a two-headed ogre
 11906 | D:12     | Killed a two-headed ogre
 11906 | D:12     | Reached skill level 10 in Armour
 12774 | Lair:1   | Entered Level 1 of the Lair of Beasts
 12805 | Lair:1   | Reached skill level 13 in Unarmed Combat
 13581 | Lair:2   | Found a runed gate.
 13581 | Lair:2   | Found a runed gate.
 13581 | Lair:2   | Found a runed gate.
 13581 | Lair:2   | Noticed diana's ghost (journeyman SpEn)
 13611 | Lair:2   | Killed diana's ghost
 13868 | Lair:2   | Reached XP level 13. HP: 73/84 MP: 13/13
 13959 | Lair:2   | Found a hazy altar of Hepliaklqana.
 14373 | Lair:3   | Noticed Gastronok
 14386 | Lair:3   | Killed Gastronok
 14492 | Lair:3   | Found a staircase to the Shoals.
 14579 | Lair:3   | Reached skill level 14 in Unarmed Combat
 15083 | Lair:3   | Found a hole to the Spider Nest.
 15453 | Lair:4   | Noticed Rupert
 15481 | Lair:4   | Killed Rupert
 15664 | Lair:4   | Noticed Josephine
 15692 | Lair:4   | Killed Josephine
 15704 | Lair:4   | Received a gift from Trog
 15952 | Lair:4   | Noticed Urug
 15968 | Lair:4   | Killed Urug
 16867 | Lair:5   | Found a runed door.
 16868 | Lair:5   | Found a viscous altar of Jiyva.
 16869 | Lair:5   | Found a staircase to the Slime Pits.
 16996 | Lair:5   | Noticed Nessos
 17020 | Lair:5   | Killed Nessos
 17020 | Lair:5   | Gained mutation: Your large and strong wings let you fly
                  | indefinitely. [Gargoyle growth]
 17020 | Lair:5   | Reached XP level 14. HP: 76/92 MP: 14/14
 17274 | Lair:5   | Reached skill level 15 in Unarmed Combat
 17725 | Lair:6   | Entered Level 6 of the Lair of Beasts
 19759 | Lair:5   | Reached skill level 10 in Dodging
 20291 | Orc:1    | Entered Level 1 of the Orcish Mines
 20471 | Orc:1    | Received a gift from Trog
 20524 | Orc:1    | Paralysed by an orc sorcerer for 4 turns
 20533 | Orc:1    | Paralysed by an orc sorcerer for 7 turns
 20764 | Orc:1    | Reached skill level 16 in Unarmed Combat
 21082 | Orc:2    | Entered Level 2 of the Orcish Mines
 21111 | Orc:1    | Reached XP level 15. HP: 92/98 MP: 15/15
 21639 | Orc:2    | Found a staircase to the Elven Halls.
 22414 | Orc:1    | Received a gift from Trog
 22820 | Orc:2    | Found Attux's Distillery.
 22903 | Orc:2    | Found Vuint's Food Emporium.
 22918 | Orc:2    | Gained mutation: Scrolls take you a little longer to read.
                  | [a neqoxec]
 22922 | Orc:2    | Gained mutation: You tend to lose your temper in combat. [a
                  | neqoxec]
 22974 | Orc:2    | Bought a potion of curing for 33 gold pieces
 22974 | Orc:2    | Bought a potion of curing for 33 gold pieces
 22974 | Orc:2    | Bought a potion of might for 44 gold pieces
 23468 | Orc:1    | Quit the game

Skill      XL: |  1  2  3  4  5  6  7  8  9 10 11 12 13 14 15 |
---------------+----------------------------------------------+-----
Dodging        | 2 3 4 5 6 7 8 9 10 | 10.3
Unarmed Combat | 4 5 6 7 9 10 12 13 14 16 | 16.4
Armour         | 3 4 5 7 8 9 10 11 12 13 | 13.1
Fighting       | 4 5 6 7 8 10 11 12 13 | 13.2

Action                   |  1- 3 |  4- 6 |  7- 9 | 10-12 | 13-15 || total
-------------------------+-------+-------+-------+-------+-------++-------
Melee: Unarmed           |   122 |   219 |   454 |  1012 |  1122 ||  2929
       Punch             |     2 |     8 |    12 |    53 |    91 ||   166
Invok: Trog's Hand       |       |     2 |     4 |     4 |     7 ||    17
       Berserk           |       |     1 |     2 |     8 |     6 ||    17
       Brothers in Arms  |       |       |       |       |     3 ||     3
 Abil: Fly               |       |       |       |       |     1 ||     1
Evoke: Wand              |       |       |       |       |     7 ||     7
  Use: Scroll            |     4 |     4 |     7 |    11 |     6 ||    32
       Potion            |       |       |       |     1 |       ||     1
  Eat: Chunk             |     2 |     8 |    11 |    31 |    34 ||    86
       Ration            |       |       |     1 |     1 |     2 ||     4
Armor: Animal skin       |    14 |       |       |       |       ||    14
       Chain mail        |    58 |   123 |   299 |   101 |       ||   581
       Leather armour    |     1 |       |       |       |       ||     1
       Plate armour      |       |       |       |   582 |   754 ||  1336
Dodge: Dodged            |    72 |    80 |   252 |   597 |   695 ||  1696
